[Event "Titled Tuesday Blitz April 12 Early 2022"]
[White "Kakulidis, Ellen"]
[Black "Tan, Jun Ying"]
[WhiteFideId "1444972"]
[BlackFideId "5710413"]
[WhiteElo "1852"]
[BlackElo "1827"]
[Result "0-1"]
[Round "01"]
[TimeControl "180+1"]
[Date "2022.04.13"]
[WhiteClock "0:02:03"]
[BlackClock "0:01:52"]

1. d4 Nf6 2. c4 e6 3. Nf3 c5 4. g3 cxd4 5. Nxd4 d5 6. Bg2 e5 7. Nf3 d4 8. O-O Nc6 9. e3 Bc5 10. exd4 exd4 11. Re1+ Be6 12. Ng5 O-O 13. Nxe6 fxe6 14. Rxe6 d3 15. Bg5 Bxf2+ 16. Kh1 Nd4 17. Qxd3 Nxe6 18. Bd5 Kh8 19. Qe2 Nxg5 20. Qxf2 Nxd5 0-1


[Site "https://www.chess.com"]

[Event "Titled Tuesday Blitz April 12 Early 2022"]
[White "Kamsky, Gata"]
[Black "Przybylski, Wojciech"]
[WhiteFideId "2000024"]
[BlackFideId "1117599"]
[WhiteElo "2858"]
[BlackElo "2460"]
[Result "1/2-1/2"]
[Round "01"]
[TimeControl "180+1"]
[Date "2022.04.13"]
[WhiteClock "0:00:17"]
[BlackClock "0:00:06"]

1. e4 e5 2. Nf3 Nc6 3. Bb5 Nf6 4. O-O Nxe4 5. d4 Nd6 6. Bxc6 dxc6 7. dxe5 Nf5 8. Qxd8+ Kxd8 9. Rd1+ Ke8 10. Nc3 h6 11. h3 Be7 12. Bf4 Nh4 13. Nxh4 Bxh4 14. g4 Be6 15. f3 Rd8 16. Kg2 Be7 17. b3 b6 18. Ne2 c5 19. c4 f6 20. Nc3 h5 21. Nb5 c6 22. Nxa7 hxg4 23. hxg4 Rxd1 24. Rxd1 Bd7 25. e6 Bxe6 26. Nxc6 Kf7 27. Nxe7 Kxe7 28. Bc7 Ra8 29. Bxb6 Rxa2+ 30. Kg3 Rb2 31. Bxc5+ Kf7 32. Rd3 f5 33. g5 Kg6 34. Rd6 Kf7 35. Rb6 g6 36. Rb7+ Kg8 37. Re7 Bf7 38. Re3 Rd2 39. Kf4 Rd8 40. Ke5 Re8+ 41. Kd6 Rd8+ 42. Kc7 Ra8 43. Bd4 Ra3 44. c5 f4 45. Rc3 Rxb3 46. Rxb3 Bxb3 47. Be5 Bd5 48. Bxf4 Kf7 49. c6 Ke6 50. Kb7 Bxf3 51. Kb6 Be4 52. Kc5 Bf3 53. Kb6 Be4 54. c7 Kd7 55. Kc5 Kc8 56. Kd6 Bb1 57. Ke7 Bc2 58. Kf7 Bb1 59. Ke7 Bc2 60. Kf7 Bb1 61. Ke7 1/2-1/2


[Site "https://www.chess.com"]

[Event "Titled Tuesday Blitz April 12 Early 2022"]
[White "Karas, Marek"]
[Black "Delorme, Alban"]
[WhiteFideId "14928558"]
[BlackFideId "623636"]
[WhiteElo "2271"]
[BlackElo "2197"]
[Result "1-0"]
[Round "01"]
[TimeControl "180+1"]
[Date "2022.04.13"]
[WhiteClock "0:00:24"]
[BlackClock "0:00:40"]

1. d4 Nf6 2. Nf3 d5 3. c4 c6 4. Nc3 e6 5. g3 Be7 6. Bg2 O-O 7. O-O dxc4 8. e4 b5 9. d5 exd5 10. exd5 Nxd5 11. Nxd5 cxd5 12. Nd4 a6 13. Re1 Bf6 14. Bf4 Bb7 15. Qd2 g6 16. h4 Nc6 17. Nxc6 Bxc6 18. Rad1 Qd7 19. Bxd5 Bxd5 20. Qxd5 Qxd5 21. Rxd5 Bxb2 22. Re7 Rfe8 23. Rc7 Rec8 24. Rdc5 Rxc7 25. Rxc7 c3 26. Be5 b4 27. h5 gxh5 28. Rc4 a5 29. Kf1 Re8 30. f4 Rd8 31. Ke2 f6 32. Bxf6 Kf7 33. Bxd8 a4 34. Ba5 b3 35. axb3 a3 36. Bxc3 Ke6 37. Be5 Kf5 38. Rc2 a2 39. Bxb2 1-0


[Site "https://www.chess.com"]

[Event "Titled Tuesday Blitz April 12 Early 2022"]
[White "Kezin, Roman"]
[Black "Vinod, Kumar Sharma"]
[WhiteFideId "24124621"]
[BlackFideId "5013518"]
[WhiteElo "2570"]
[BlackElo "2154"]
[Result "1-0"]
[Round "01"]
[TimeControl "180+1"]
[Date "2022.04.13"]
[WhiteClock "0:00:18"]
[BlackClock "0:00:24"]

1. Nf3 Nf6 2. b3 d5 3. Bb2 Bf5 4. e3 e6 5. Be2 c6 6. Nh4 Bg6 7. O-O Nbd7 8. c4 Bd6 9. Nc3 a5 10. d4 Ne4 11. g3 Ndf6 12. Nxg6 hxg6 13. f3 Nxc3 14. Bxc3 Qc7 15. Kg2 O-O 16. Rc1 e5 17. Qd2 e4 18. f4 Bb4 19. Rc2 Qe7 20. Rfc1 Bxc3 21. Rxc3 a4 22. c5 axb3 23. axb3 Ra7 24. b4 Rfa8 25. b5 Ne8 26. b6 Ra2 27. R3c2 Qd8 28. Rxa2 Rxa2 29. Qxa2 1-0


[Site "https://www.chess.com"]

[Event "Titled Tuesday Blitz April 12 Early 2022"]
[White "Korchmar, Vasiliy"]
[Black "Belenkaya, Dina"]
[WhiteFideId "24131750"]
[BlackFideId "24142654"]
[WhiteElo "2370"]
[BlackElo "2196"]
[Result "1-0"]
[Round "01"]
[TimeControl "180+1"]
[Date "2022.04.13"]
[WhiteClock "0:00:20"]
[BlackClock "0:00:04"]

1. d4 d5 2. Bf4 c5 3. e3 Nc6 4. Nf3 Nf6 5. Nbd2 Bg4 6. c3 Qb6 7. Qb3 c4 8. Qc2 e6 9. b3 Bf5 10. Qb2 Be7 11. h3 h6 12. Be2 O-O 13. O-O Ne4 14. Nxe4 Bxe4 15. Nd2 Bg6 16. Rfe1 a5 17. Bf3 a4 18. b4 a3 19. Qc1 Na7 20. e4 Qd8 21. exd5 exd5 22. Nf1 Nb5 23. Ne3 Be4 24. Bxe4 dxe4 25. Nf5 Bg5 26. Rxe4 Bxf4 27. Qxf4 Nxc3 28. Qg3 Qf6 29. Nxh6+ Qxh6 30. Qxc3 Rae8 31. Rxe8 Rxe8 32. Qxc4 Qf4 33. Qd3 Re4 34. Rd1 Re6 35. Qxa3 Rf6 36. Qe3 Qd6 37. a3 Re6 38. Qd3 Qd5 39. a4 Rg6 40. Qf1 Rb6 41. b5 Re6 42. a5 Rg6 43. a6 bxa6 44. bxa6 Qa5 45. Ra1 Qd8 46. a7 Qa8 47. g3 Kh7 48. Qg2 Rc6 49. Qe4+ g6 50. Qxc6 Qxc6 51. a8=Q 1-0


[Site "https://www.chess.com"]

[Event "Titled Tuesday Blitz April 12 Early 2022"]
[White "Kosteniuk, Alexandra"]
[Black "Bowden, Karl"]
[WhiteFideId "4128125"]
[BlackFideId "400548"]
[WhiteElo "2469"]
[BlackElo "2344"]
[Result "0-1"]
[Round "01"]
[TimeControl "180+1"]
[Date "2022.04.13"]
[WhiteClock "0:01:24"]
[BlackClock "0:00:42"]

1. Nf3 Nf6 2. d4 g6 3. c4 Bg7 4. Nc3 O-O 5. e4 d6 6. Be2 e5 7. O-O Nc6 8. d5 Ne7 9. Qc2 Nh5 10. Rd1 Nf4 11. Bxf4 exf4 12. c5 h6 13. cxd6 cxd6 14. Nb5 g5 15. Qc7 Qxc7 16. Nxc7 Rb8 17. Nd4 Ng6 18. Rac1 a6 19. b4 Bd7 20. b5 Bxd4 21. Rxd4 axb5 22. Nxb5 Bxb5 23. Bxb5 Rfc8 24. Rdc4 Rxc4 25. Rxc4 Ne7 26. Rc7 Kf8 27. f3 Rc8 28. Rxb7 Rc1+ 29. Bf1 f5 30. a4 fxe4 31. fxe4 Ra1 32. Rb4 Ng6 33. Kf2 Ra2+ 34. Be2 Ne5 35. Ke1 g4 36. Bc4 Rxg2 37. a5 Nxc4 38. Rxc4 Ra2 39. Rc6 g3 40. hxg3 fxg3 41. Rxd6 Ra1+ 42. Ke2 g2 43. Rf6+ Kg7 0-1


[Site "https://www.chess.com"]

[Event "Titled Tuesday Blitz April 12 Early 2022"]
[White "Kostina, Nadezhda"]
[Black "Kalavannan, Koby"]
[WhiteFideId "4195876"]
[BlackFideId "425753"]
[WhiteElo "1982"]
[BlackElo "1927"]
[Result "0-1"]
[Round "01"]
[TimeControl "180+1"]
[Date "2022.04.13"]
[WhiteClock "0:00:03"]
[BlackClock "0:00:26"]

1. e4 c5 2. Nf3 Nc6 3. Bb5 Nf6 4. Bxc6 dxc6 5. d3 Bg4 6. h3 Bh5 7. O-O c4 8. e5 Nd7 9. g4 Bg6 10. e6 Nb6 11. Ne5 Qd5 12. Nxf7 Bxf7 13. exf7+ Qxf7 14. dxc4 Rd8 15. Qe2 Qxc4 16. Qf3 Qd5 17. Qe2 Qc4 18. Qf3 Qf7 19. Qe2 g6 20. Nc3 Bg7 21. Bg5 Nc8 22. Rad1 O-O 23. Rxd8 Rxd8 24. Re1 Rf8 25. Qe3 Nd6 26. Bxe7 Re8 27. Qg5 Nc8 28. Ne4 Rxe7 29. Re3 h6 30. Qc5 Qe8 31. Qc4+ Kh7 32. Kg2 b5 33. Qb4 a5 34. Qe1 Bd4 35. Re2 Nd6 0-1


[Site "https://www.chess.com"]

[Event "Titled Tuesday Blitz April 12 Early 2022"]
[White "Ladan, Nicholas"]
[Black "Gabdrakhmanov, Azat"]
[WhiteFideId "30918855"]
[BlackFideId "34189197"]
[WhiteElo "2167"]
[BlackElo "2279"]
[Result "0-1"]
[Round "01"]
[TimeControl "180+1"]
[Date "2022.04.13"]
[WhiteClock "0:00:13"]
[BlackClock "0:00:16"]

1. d4 Nf6 2. Bf4 g6 3. e3 Bg7 4. Nf3 d6 5. h3 O-O 6. Be2 c5 7. O-O b6 8. a4 Bb7 9. c3 a6 10. Nbd2 Nbd7 11. Qb3 Ne4 12. Nxe4 Bxe4 13. Nd2 Bb7 14. Bf3 Qc7 15. Rfc1 Rfc8 16. Bd5 Bxd5 17. Qxd5 Nf6 18. Qf3 Rab8 19. g4 b5 20. axb5 axb5 21. Kg2 Qb6 22. Ra2 cxd4 23. exd4 b4 24. Rca1 bxc3 25. bxc3 h5 26. g5 Nd7 27. Ra7 Rd8 28. Nc4 Qb5 29. Ne3 e5 30. Bg3 exd4 31. cxd4 Qxg5 32. R1a5 Qf6 33. Qxf6 Nxf6 34. d5 Ne4 35. Bh2 Rb2 36. Ra2 Rdb8 37. Kf3 Nd2+ 38. Kg2 Bd4 39. Nd1 Rb1 40. Rxd2 Bxa7 41. Bxd6 Rd8 42. Be5 Bb8 43. d6 Rb5 44. f4 f6 45. Bxf6 Rxd6 46. Rxd6 Bxd6 47. Bg5 Rb3 48. Nf2 Re3 49. Nd1 Re1 50. Nc3 Kf7 51. Kf3 Ra1 52. Ne4 Ra3+ 53. Kf2 Be7 54. Bh6 Rxh3 55. Kg2 Ra3 56. Kf2 Ra4 57. Kf3 Ra3+ 58. Kf2 Bf6 59. Ng3 Bd4+ 60. Kg2 Ke6 61. Ne4 Re3 62. Nf2 Kf5 63. Nh3 Re2+ 64. Kf1 Re3 65. Kg2 Ra3 66. Ng5 Ra2+ 67. Kf3 Ra3+ 68. Kg2 Kxf4 69. Nf3+ Ke4 70. Nd2+ Kd5 71. Nf3 Bf6 72. Nd2 Ra1 73. Kf3 g5 74. Ne4 g4+ 75. Kf4 Be5+ 76. Kf5 Rf1+ 77. Kg6 Kxe4 78. Kxh5 g3 79. Be3 g2 80. Kh4 Kxe3 81. Kh3 g1=Q 82. Kh4 Rf4+ 83. Kh3 Rh4+ 84. Kxh4 Bf6+ 85. Kh3 Qg5 86. Kh2 Kf3 87. Kh3 Qg3# 0-1


[Site "https://www.chess.com"]

[Event "Titled Tuesday Blitz April 12 Early 2022"]
[White "Lagumina, Giulio"]
[Black "Hua, Lefong"]
[WhiteFideId "800619"]
[BlackFideId "2602253"]
[WhiteElo "2277"]
[BlackElo "2583"]
[Result "0-1"]
[Round "01"]
[TimeControl "180+1"]
[Date "2022.04.13"]
[WhiteClock "0:00:10"]
[BlackClock "0:00:19"]

1. e4 c5 2. Nf3 g6 3. c4 Bg7 4. d4 cxd4 5. Nxd4 Nc6 6. Be3 Nf6 7. Nc3 Ng4 8. Qxg4 Nxd4 9. Qd1 e5 10. Bd3 O-O 11. O-O d6 12. Nb5 Nxb5 13. cxb5 Be6 14. Qd2 d5 15. exd5 Qxd5 16. Rfd1 Rfd8 17. Be2 Qxd2 18. Rxd2 e4 19. Rxd8+ Rxd8 20. Bxa7 Bxb2 21. Rb1 Rd2 22. Bf1 Bxa2 23. Re1 f5 24. f3 Bd5 25. Re2 Rxe2 26. Bxe2 Kf7 27. fxe4 fxe4 28. Kf2 Be5 29. g3 Ke6 30. Ke3 Bg7 31. Bc5 h5 32. g4 Bh6+ 33. Kd4 Bg7+ 34. Ke3 h4 35. g5 Kf5 36. Be7 Bb2 37. Bd1 Ke6 38. Bb4 Ke5 39. Bg4 Bc1+ 40. Ke2 Bc4+ 41. Kd1 Bxg5 42. b6 Ba6 0-1


[Site "https://www.chess.com"]

[Event "Titled Tuesday Blitz April 12 Early 2022"]
[White "Lashkin, Jegor"]
[Black "Odegov, Artem"]
[WhiteFideId "13907808"]
[BlackFideId "34183644"]
[WhiteElo "2837"]
[BlackElo "2454"]
[Result "1-0"]
[Round "01"]
[TimeControl "180+1"]
[Date "2022.04.13"]
[WhiteClock "0:00:06"]
[BlackClock "0:00:01"]

1. Nf3 Nf6 2. b3 c5 3. Bb2 d6 4. g3 e5 5. d3 Nc6 6. Bg2 Be7 7. c4 O-O 8. O-O Bg4 9. h3 Bh5 10. Nc3 Qd7 11. Ne1 Nd4 12. Qd2 Rae8 13. e3 Nc6 14. Nc2 Bd8 15. g4 Bg6 16. f4 exf4 17. exf4 Nxg4 18. hxg4 Qxg4 19. Ne3 Qg3 20. Rf3 Qh4 21. Ncd5 Nd4 22. Rh3 Qxh3 23. Bxh3 Nf3+ 24. Kf2 Nxd2 25. Ke2 Ba5 26. b4 Nxc4 27. dxc4 Bxb4 28. Rg1 f6 29. Bd7 Rd8 30. Be6+ Kh8 31. f5 Bf7 32. Nf4 Rde8 33. Kf3 Bd2 34. Ned5 Bxf4 35. Nxf4 Re7 36. Rd1 Bxe6 37. Nxe6 Rfe8 38. Rxd6 Kg8 39. Ke4 g6 40. Bxf6 gxf5+ 41. Kxf5 Rf7 42. Rd2 h6 43. Rd6 a6 44. Kg6 Rc8 45. Ng7 Rcf8 46. Nf5 h5 47. Nh6# 1-0


[Site "https://www.chess.com"]

[Event "Titled Tuesday Blitz April 12 Early 2022"]
[White "Lauridsen, Jesper Morch"]
[Black "Agibileg, Uurtsaikh"]
[WhiteFideId "1401890"]
[BlackFideId "4901606"]
[WhiteElo "2317"]
[BlackElo "2205"]
[Result "0-1"]
[Round "01"]
[TimeControl "180+1"]
[Date "2022.04.13"]
[WhiteClock "0:00:02"]
[BlackClock "0:01:22"]

1. e4 c5 2. Nf3 e6 3. d4 cxd4 4. Nxd4 Nc6 5. Nc3 Qc7 6. Be3 a6 7. Be2 Nf6 8. O-O Be7 9. f4 d6 10. a4 O-O 11. Kh1 Re8 12. Qd2 Nxd4 13. Qxd4 e5 14. Qd3 exf4 15. Bxf4 Be6 16. Rad1 Rad8 17. Nd5 Bxd5 18. exd5 Nd7 19. Bg4 Bf6 20. Bf5 g6 21. Bxd7 Qxd7 22. c3 Qxa4 23. Be3 Bg7 24. Bb6 Rc8 25. Qh3 Qe4 26. Bd4 f5 27. Bxg7 Kxg7 28. Qg3 Re5 29. Rde1 Qxd5 30. Rd1 Qe6 31. Qd3 Rd8 32. Qd4 Kg8 33. h3 Re2 34. Qb6 Rd7 35. Qb4 Qe4 36. Qxe4 Rxe4 37. Rd2 Kf7 38. Rfd1 Ke6 39. Kg1 d5 40. Kf2 Ke5 41. Re2 d4 42. cxd4+ Rxd4 43. Rxd4 Kxd4 44. Rd2+ Kc4 45. Rd7 b5 46. Rxh7 Kb3 47. Rg7 Re6 48. h4 Kxb2 49. h5 gxh5 50. Rg5 Rf6 51. Rxh5 b4 52. Ke3 a5 53. Kd4 a4 54. Ke5 Rg6 55. Rh2 Rg3 56. Kxf5 a3 57. Kf4 a2 58. Kxg3 a1=Q 59. Rh4 Qe1+ 60. Kh3 b3 61. Rg4 Ka3 62. Rg3 Qxg3+ 63. Kxg3 b2 64. Kh4 b1=Q 0-1


[Site "https://www.chess.com"]

[Event "Titled Tuesday Blitz April 12 Early 2022"]
[White "Lazavik, Denis"]
[Black "Jeet, Jain"]
[WhiteFideId "13515110"]
[BlackFideId "5073022"]
[WhiteElo "2437"]
[BlackElo "2085"]
[Result "1-0"]
[Round "01"]
[TimeControl "180+1"]
[Date "2022.04.12"]
[WhiteClock "0:00:41"]
[BlackClock "0:00:17"]

1. d4 Nf6 2. c4 c5 3. d5 b5 4. Nf3 a6 5. Qc2 d6 6. e4 g6 7. Bd3 Bg7 8. O-O bxc4 9. Bxc4 O-O 10. h3 a5 11. Nc3 Nbd7 12. Bf4 Nb6 13. Bb5 Bd7 14. Bxd7 Nfxd7 15. Rfe1 Nc4 16. b3 Nce5 17. Nxe5 Nxe5 18. Rad1 Qb6 19. Bg5 Qb7 20. f4 f6 21. Bh4 Nd7 22. a4 c4 23. bxc4 Rfc8 24. Nb5 Nb6 25. Rd4 Rc5 26. Qb3 Rac8 27. Na3 Qa6 28. Bf2 Nxc4 29. Nb5 Nb6 30. Rd3 Nd7 31. Nd4 Qc4 32. Nc6 R8xc6 33. dxc6 Rxc6 34. Qb5 Qc2 35. Qd5+ Kf8 36. Rb3 Qc4 37. Rb7 Ke8 38. Qxa5 Ra6 39. Qd2 Rxa4 40. Rc1 Qa6 41. Rcc7 Ra2 42. Rc8+ Kf7 43. Qd5+ 1-0


[Site "https://www.chess.com"]

[Event "Titled Tuesday Blitz April 12 Early 2022"]
[White "Le Ruyet, Leopold"]
[Black "Abdusattorov, Nodirbek"]
[WhiteFideId "645923"]
[BlackFideId "14204118"]
[WhiteElo "2276"]
[BlackElo "2663"]
[Result "0-1"]
[Round "01"]
[TimeControl "180+1"]
[Date "2022.04.12"]
[WhiteClock "0:00:10"]
[BlackClock "0:01:25"]

1. e4 c5 2. c3 Nf6 3. e5 Nd5 4. Nf3 e6 5. Bc4 Nb6 6. Bb3 d6 7. exd6 Bxd6 8. d4 O-O 9. O-O Nc6 10. Na3 cxd4 11. cxd4 Bd7 12. Nb5 Be7 13. Nc3 Rc8 14. Bf4 Nb4 15. Ne5 Bc6 16. a3 N4d5 17. Bg3 Nxc3 18. bxc3 Bd5 19. Bc2 Rxc3 20. Qd2 Rc8 21. Qd3 f5 22. Bb3 f4 23. Bc2 Rxc2 24. Qxc2 fxg3 25. fxg3 Bf6 26. Rad1 Nd7 27. Qe2 Nxe5 28. dxe5 Be7 29. Rxf8+ Bxf8 30. h3 Bxa3 31. Kh2 Bc5 32. Qg4 Qe8 33. Rf1 b5 34. h4 b4 35. h5 h6 36. Rf6 Kh8 37. Rg6 Bf8 38. Qf4 b3 39. g4 b2 40. g5 b1=Q 41. gxh6 gxh6 0-1


[Site "https://www.chess.com"]

[Event "Titled Tuesday Blitz April 12 Early 2022"]
[White "Le, Tuan Minh"]
[Black "Vovk, Orest"]
[WhiteFideId "12401153"]
[BlackFideId "14113490"]
[WhiteElo "2450"]
[BlackElo "2203"]
[Result "1-0"]
[Round "01"]
[TimeControl "180+1"]
[Date "2022.04.12"]
[WhiteClock "0:00:13"]
[BlackClock "0:00:07"]

1. d4 e5 2. dxe5 Nc6 3. Bf4 Qe7 4. Nc3 Qb4 5. Bd2 Nxe5 6. e4 Nf6 7. a3 Qxb2 8. f4 Nc6 9. Nf3 Qb6 10. Na4 Nxe4 11. Nxb6 axb6 12. Bd3 d5 13. O-O Bc5+ 14. Kh1 f5 15. Bb4 Be3 16. Bxe4 dxe4 17. Ne5 Nxe5 18. fxe5 Be6 19. Qh5+ g6 20. Qh4 c5 21. Qf6 Kd7 22. Rad1+ Bd4 23. Rxd4+ cxd4 24. Qe7+ Kc6 25. Qxe6+ Kb5 26. Qd5+ Ka4 27. Qd7+ b5 28. Qxd4 Rhd8 29. Bd6+ Ka5 30. Rb1 b6 31. Qb4+ Ka6 32. Qxb5+ 1-0


[Site "https://www.chess.com"]

[Event "Titled Tuesday Blitz April 12 Early 2022"]
[White "Legenia, Artem"]
[Black "Weetik, Vjacheslav"]
[WhiteFideId "14136945"]
[BlackFideId "4153472"]
[WhiteElo "1936"]
[BlackElo "2469"]
[Result "0-1"]
[Round "01"]
[TimeControl "180+1"]
[Date "2022.04.13"]
[WhiteClock "0:00:37"]
[BlackClock "0:00:46"]

1. c4 e5 2. b3 Nc6 3. Bb2 g6 4. g3 Bg7 5. Bg2 d6 6. e3 f5 7. Ne2 Nf6 8. d3 O-O 9. Nbc3 Be6 10. Nd5 Rb8 11. a3 Ne7 12. Nxe7+ Qxe7 13. d4 e4 14. d5 Bd7 15. Rc1 Ng4 16. Bxg7 Qxg7 17. Qd4 Ne5 18. O-O b6 19. b4 g5 20. Nc3 Qh6 21. c5 bxc5 22. bxc5 Rbe8 23. f4 exf3 24. Bxf3 f4 25. exf4 gxf4 26. Kh1 fxg3 0-1


[Site "https://www.chess.com"]

[Event "Titled Tuesday Blitz April 12 Early 2022"]
[White "Lewicki, Miroslaw"]
[Black "Vidit, Santosh Gujrathi"]
[WhiteFideId "1113380"]
[BlackFideId "5029465"]
[WhiteElo "2283"]
[BlackElo "2654"]
[Result "1/2-1/2"]
[Round "01"]
[TimeControl "180+1"]
[Date "2022.04.12"]
[WhiteClock "0:00:08"]
[BlackClock "0:00:13"]

1. g3 d5 2. Bg2 e5 3. Nf3 Nc6 4. O-O Nf6 5. c3 e4 6. Nd4 Ne5 7. d3 c5 8. Nb3 c4 9. dxc4 Nxc4 10. Nd4 Be7 11. b3 Ne5 12. Bf4 Ng6 13. Be3 O-O 14. h3 Bd7 15. Nd2 Qc8 16. c4 Bxh3 17. cxd5 Bxg2 18. Kxg2 Nh4+ 19. Kh2 Ng4+ 20. Kg1 Nxe3 21. fxe3 Qh3 22. gxh4 Qg3+ 23. Kh1 Qxh4+ 24. Kg1 Qg3+ 25. Kh1 Qh3+ 26. Kg1 Qxe3+ 27. Kg2 Qxd4 28. Nc4 Qxd1 29. Raxd1 Rad8 30. d6 Bg5 31. Rf5 f6 32. Rb5 b6 33. a4 Rd7 34. a5 bxa5 35. Nxa5 Kf7 36. Rd4 Re8 37. Nc4 g6 38. Rc5 Bf4 39. e3 Be5 40. Rxe4 Bxd6 41. Nxd6+ Rxd6 42. Rc7+ Kf8 43. Rxe8+ Kxe8 44. Rxh7 a6 45. Ra7 Rb6 46. Kf3 Kf8 47. Kf4 Kg8 48. e4 Kf8 49. Kg4 Ke8 50. Kf4 Kd8 51. Rg7 Rxb3 52. Rxg6 Ke7 53. Rg7+ Ke6 54. Ra7 Ra3 55. Ra8 a5 56. Ra6+ Kf7 57. Kf5 Ke7 58. Ra7+ Kd6 59. Ra6+ Kc5 60. Kxf6 a4 61. e5 Kb5 62. Ra8 Rf3+ 63. Ke7 a3 64. e6 Kb4 65. Ke8 Re3 66. e7 Kb3 67. Kf8 Rf3+ 68. Ke8 Re3 69. Kf8 Rf3+ 70. Ke8 a2 71. Rxa2 Kxa2 72. Kd8 Rd3+ 73. Ke8 Re3 74. Kf8 Rxe7 75. Kxe7 1/2-1/2


[Site "https://www.chess.com"]

[Event "Titled Tuesday Blitz April 12 Early 2022"]
[White "Lewtak, Damian"]
[Black "Skuhala, Barbara"]
[WhiteFideId "1141724"]
[BlackFideId "14605465"]
[WhiteElo "2362"]
[BlackElo "2155"]
[Result "1-0"]
[Round "01"]
[TimeControl "180+1"]
[Date "2022.04.13"]
[WhiteClock "0:00:16"]
[BlackClock "0:00:08"]

1. d4 Nf6 2. c3 e6 3. Bf4 d5 4. e3 Bd6 5. Nd2 O-O 6. Ngf3 b6 7. Bd3 Bb7 8. Bg3 c5 9. Qe2 Nc6 10. dxc5 bxc5 11. e4 dxe4 12. Nxe4 Be7 13. Rd1 Qc8 14. Nfg5 g6 15. h4 h5 16. Bd6 Nxe4 17. Bxe4 Bxd6 18. Rxd6 Ne7 19. O-O Bxe4 20. Nxe4 Nf5 21. Rd3 Qc7 22. Qd2 Qe7 23. g3 Rfd8 24. Rd1 Rxd3 25. Qxd3 Rb8 26. b3 a5 27. Qc4 Rc8 28. Rd7 Qf8 29. Qd3 Kg7 30. Ng5 Qe8 31. Rxf7+ Kg8 32. Rd7 Ne7 33. Nxe6 Nc6 34. Rg7+ Kh8 35. Rxg6 Qf7 36. Ng5 Qe7 37. Rh6+ Kg8 38. Qg6+ Qg7 39. Qe6+ 1-0


[Site "https://www.chess.com"]

[Event "Titled Tuesday Blitz April 12 Early 2022"]
[White "Li, Xueyi"]
[Black "Obolenskikh, Dmitry"]
[WhiteFideId "8605912"]
[BlackFideId "4156013"]
[WhiteElo "2091"]
[BlackElo "2512"]
[Result "0-1"]
[Round "01"]
[TimeControl "180+1"]
[Date "2022.04.13"]
[WhiteClock "0:00:17"]
[BlackClock "0:01:36"]

1. d4 d5 2. c4 e6 3. Nf3 Nf6 4. g3 Bb4+ 5. Bd2 Be7 6. Bg2 O-O 7. O-O c6 8. Nc3 b6 9. Ne5 Bb7 10. Rc1 Na6 11. Bg5 Nd7 12. Bxe7 Qxe7 13. cxd5 Nxe5 14. dxe5 cxd5 15. e4 dxe4 16. Nxe4 Bxe4 17. Bxe4 Rad8 18. Qc2 g6 19. h4 Nc5 20. Rcd1 Rxd1 21. Rxd1 Rd8 22. Bf3 a5 23. a3 Rxd1+ 24. Qxd1 Nd7 25. Qd6 Qxd6 26. exd6 Kf8 27. Bc6 Ne5 28. Bb5 f6 29. f4 Nf7 30. d7 Ke7 31. Kg2 Nd6 32. Bc6 Nc4 33. b3 Nxa3 34. g4 h6 35. g5 hxg5 0-1


[Site "https://www.chess.com"]

[Event "Titled Tuesday Blitz April 12 Early 2022"]
[White "Ljukin, Sergei"]
[Black "Uzuner, Tufan Can"]
[WhiteFideId "14102200"]
[BlackFideId "6300499"]
[WhiteElo "2312"]
[BlackElo "2049"]
[Result "1-0"]
[Round "01"]
[TimeControl "180+1"]
[Date "2022.04.13"]
[WhiteClock "0:00:05"]
[BlackClock "0:00:55"]

1. e4 c6 2. d4 d5 3. e5 Bf5 4. Nd2 h5 5. Nb3 e6 6. Nf3 Be7 7. Be2 g5 8. h3 Nd7 9. Be3 Nh6 10. Qd2 g4 11. Bxh6 gxf3 12. Bxf3 Qb6 13. O-O-O Bg6 14. Bg5 Bb4 15. c3 Bf8 16. Be2 a5 17. Bd3 a4 18. Na1 a3 19. b3 Bxd3 20. Qxd3 c5 21. Nc2 c4 22. bxc4 Qb2+ 23. Kd2 Qxa2 24. c5 Bxc5 25. dxc5 Nxe5 26. Qb5+ Kf8 27. Rc1 Nc4+ 28. Ke2 Rg8 29. h4 Qb2 30. Qxb2 axb2 31. Rb1 Ra2 32. g3 Kg7 33. Be3 Na3 34. Nxa3 Rxa3 35. Rxb2 Rxc3 36. Bd4+ Kg6 37. Bxc3 Ra8 38. Bd2 Ra3 39. Rc1 Ra7 40. Rc3 d4 41. Rcb3 e5 42. Rxb7 Ra1 43. c6 Ra6 44. c7 Rc6 45. R2b6 Kf5 46. Rxc6 f6 47. c8=Q+ Ke4 48. Rc5 d3+ 49. Kf1 Kf3 50. Qc6+ e4 51. Qd5 f5 52. Qxf5# 1-0


[Site "https://www.chess.com"]

[Event "Titled Tuesday Blitz April 12 Early 2022"]
[White "Lobachev, Yury"]
[Black "Omelja, Artem"]
[WhiteFideId "24138177"]
[BlackFideId "14119846"]
[WhiteElo "2309"]
[BlackElo "2382"]
[Result "0-1"]
[Round "01"]
[TimeControl "180+1"]
[Date "2022.04.13"]
[WhiteClock "0:00:54"]
[BlackClock "0:00:17"]

1. c4 c6 2. Nc3 d5 3. cxd5 cxd5 4. d4 Nf6 5. g3 Nc6 6. Bg2 e6 7. Nf3 Be7 8. O-O O-O 9. Bg5 h6 10. Bxf6 Bxf6 11. e3 a6 12. a3 b5 13. b4 Bb7 14. Rc1 Qb6 15. Nd2 a5 16. bxa5 Rxa5 17. Nb3 Rxa3 18. Nc5 Rfa8 19. Ne2 Be7 20. Nf4 Bxc5 21. Rxc5 b4 22. Re1 b3 23. Bf1 b2 24. Rb5 Qxb5 25. Bxb5 Ra1 26. Nd3 Rxd1 27. Rxd1 Ra2 28. Kg2 Na5 29. Rb1 Nc4 30. Bxc4 dxc4+ 0-1


[Site "https://www.chess.com"]

[Event "Titled Tuesday Blitz April 12 Early 2022"]
[White "Lopez, Henry"]
[Black "Kucuksari, Kaan"]
[WhiteFideId "5203830"]
[BlackFideId "6380166"]
[WhiteElo "2177"]
[BlackElo "2305"]
[Result "1-0"]
[Round "01"]
[TimeControl "180+1"]
[Date "2022.04.13"]
[WhiteClock "0:00:18"]
[BlackClock "0:00:03"]

1. d4 Nf6 2. Nf3 d5 3. c4 c6 4. Nc3 e6 5. Bg5 Be7 6. e3 O-O 7. Rc1 Nbd7 8. cxd5 exd5 9. Bd3 h6 10. Bh4 Ne4 11. Bxe7 Qxe7 12. O-O f5 13. Qc2 a5 14. Rce1 b5 15. Nd2 Bb7 16. f3 Nef6 17. Bxf5 Nb6 18. Nb3 b4 19. Nd1 Nc4 20. Nc5 Ba6 21. Nxa6 Rxa6 22. Bd3 c5 23. b3 Na3 24. Qe2 Re6 25. dxc5 Qxc5 26. Qd2 Rfe8 27. Kh1 Kh8 28. Re2 Nb5 29. Bxb5 Qxb5 30. Rfe1 Nh5 31. Qd4 Nf6 32. Kg1 Kg8 33. Nf2 Re5 34. Nd3 R5e7 35. Nf4 Qc6 36. Rd2 Re5 37. h4 Qc3 38. Kf2 g5 39. hxg5 hxg5 40. Nh3 g4 41. Nf4 g3+ 42. Kxg3 Kf7 43. Kf2 R8e7 44. Qxc3 bxc3 45. Rd3 Rc7 46. Rc1 c2 47. Ke2 Nd7 48. Kd2 Nc5 49. Rc3 Ree7 50. R1xc2 d4 51. exd4 Rcd7 52. Rxc5 Rxd4+ 53. Kc1 Red7 54. Ne2 Rd1+ 55. Kb2 Re1 56. Nc3 a4 57. Nxa4 1-0


[Site "https://www.chess.com"]

[Event "Titled Tuesday Blitz April 12 Early 2022"]
[White "Lorparizangeneh, Shahin"]
[Black "Rabineau, Clement"]
[WhiteFideId "12521604"]
[BlackFideId "628891"]
[WhiteElo "2525"]
[BlackElo "2237"]
[Result "1-0"]
[Round "01"]
[TimeControl "180+1"]
[Date "2022.04.13"]
[WhiteClock "0:02:03"]
[BlackClock "0:00:02"]

1. e4 d6 2. d4 g6 3. c4 Bg7 4. Nc3 e5 5. Nge2 exd4 6. Nxd4 Nc6 7. Be3 Nge7 8. h4 f5 9. h5 fxe4 10. h6 Be5 11. Nxe4 Nf5 12. Bg5 Qd7 13. Nxf5 gxf5 14. Nf6+ Bxf6 15. Bxf6 Qe6+ 16. Qe2 O-O 17. Bc3 f4 18. O-O-O Qxe2 19. Bxe2 Bf5 20. Bf3 Rfe8 21. Rh5 Bg6 22. Bd5+ Kf8 23. Rh4 Ke7 24. Rxf4 Rf8 25. Re1+ Kd7 26. Be6+ 1-0


[Site "https://www.chess.com"]

[Event "Titled Tuesday Blitz April 12 Early 2022"]
[White "Maksimenko, Viktor"]
[Black "Ardila, Oscar Humberto"]
[WhiteFideId "13710478"]
[BlackFideId "4404742"]
[WhiteElo "2269"]
[BlackElo "1983"]
[Result "1-0"]
[Round "01"]
[TimeControl "180+1"]
[Date "2022.04.13"]
[WhiteClock "0:02:17"]
[BlackClock "0:02:03"]

1. d4 Nf6 2. c4 g6 3. Nc3 Bg7 4. e4 d6 5. h3 O-O 6. Nf3 Nbd7 7. Bd3 e5 8. d5 Nc5 9. Bc2 a5 10. Be3 Qe7 11. Nd2 Nh5 12. g3 Bd7 13. Qe2 Be8 14. O-O-O f5 15. exf5 gxf5 16. Kb1 Bg6 17. g4 Nf4 18. Bxf4 fxg4 19. Bxg6 Rxf4 20. Be4 Raf8 21. Rdf1 1-0


[Site "https://www.chess.com"]